 Dungeon Crawl Stone Soup version 0.24-a0-778-g74da537585 (webtiles) character file.

Game seed: 10014774016239911520, levelgen mode: deterministic

205 Kohma the Charmwright (level 5, -3/43 HPs)
             Began as a Gnoll Skald on Oct 7, 2019.
             Slain by a gnoll
             ... wielding a +0 club
              (6 damage)
             ... on level 3 of the Dungeon.
             The game lasted 00:07:54 (2984 turns).

Kohma the Charmwright (Gnoll Skald)                 Turns: 2984, Time: 00:07:55

Health: -3/43      AC:  5    Str: 13 (14) XL:     5   Next: 83%
Magic:  5/12       EV: 13    Int: 14 (17) God:
Gold:   160        SH:  0    Dex: 13 (15) Spells: 3/14 levels left

rFire    . . .     SeeInvis .   a - +0 falchion
rCold    . . .     Gourm    .   (no shield)
rNeg     . . .     Faith    .   b - +0 leather armour
rPois    .         Spirit   .   (no helmet)
rElec    .         Reflect  .   r - +0 cloak (curse)
rCorr    .         Harm     .   (no gloves)
MR       .....                  y - +0 pair of boots
Stlth    +.........             (no amulet)
HPRegen  0.14/turn              o - +2 ring of intelligence
MPRegen  0.13/turn              (no ring)

@: very slightly contaminated, lightly drained
A: distributed training, fangs 1, strong nose
a: no special abilities


You were on level 3 of the Dungeon.
You were not hungry.

You visited 1 branch of the dungeon, and saw 4 of its levels.

You collected 160 gold pieces.

Inventory:

Hand Weapons
 a - a +0 falchion (weapon)
 s - a +2 rapier of draining
 t - a +1 rapier of speed
Missiles
 i - 34 poisoned darts (quivered)
 u - 18 arrows
Armour
 b - a +0 leather armour (worn)
 r - a cursed +0 cloak (worn)
 y - a +0 pair of boots (worn)
Jewellery
 o - a +2 ring of intelligence (left hand)
 C - an uncursed ring of protection from fire {unknown}
Wands
 p - a wand of random effects (14)
 w - a wand of flame (15)
Scrolls
 e - a scroll of fog {unknown}
 f - 2 scrolls of enchant armour {unknown}
 g - 2 scrolls of magic mapping
 h - 2 scrolls of teleportation {unknown}
 j - 4 scrolls of identify {unknown}
 m - a scroll of amnesia {unknown}
 x - a scroll of fear {unknown}
 B - a scroll of remove curse {unknown}
Potions
 c - a potion of cancellation {unknown}
 k - 2 potions of curing
 l - 2 potions of degeneration
 n - a potion of might {unknown}
 q - a potion of agility {unknown}
 v - a potion of ambrosia {unknown}
 z - a potion of flight {unknown}
Comestibles
 d - 12 rations
 A - 2 chunks of flesh


   Skills:
 + Level 4.8(4.4) Fighting
 + Level 1.6(1.2) Short Blades
 + Level 4.8(4.4) Long Blades
 + Level 1.6(1.2) Axes
 + Level 1.6(1.2) Maces & Flails
 + Level 1.6(1.2) Polearms
 + Level 1.6(1.2) Staves
 + Level 1.6(1.2) Slings
 + Level 1.6(1.2) Bows
 + Level 1.6(1.2) Crossbows
 + Level 1.6(1.2) Throwing
 + Level 3.0(2.6) Armour
 + Level 4.8(4.4) Dodging
 + Level 1.6(1.2) Stealth
 + Level 1.6(1.2) Shields
 + Level 1.6(1.2) Unarmed Combat
 + Level 5.2(4.8) Spellcasting
 + Level 1.3(0.9) Conjurations
 + Level 1.3(0.9) Hexes
 + Level 5.6(5.1) Charms
 + Level 1.3(0.9) Summonings
 + Level 1.3(0.9) Necromancy
 + Level 1.3(0.9) Translocations
 + Level 1.3(0.9) Transmutations
 + Level 1.3(0.9) Fire Magic
 + Level 1.3(0.9) Ice Magic
 + Level 1.3(0.9) Air Magic
 + Level 1.3(0.9) Earth Magic
 + Level 1.3(0.9) Poison Magic
 + Level 1.8(1.4) Invocations
 + Level 1.6(1.2) Evocations


You had 3 spell levels left.
You knew the following spells:

 Your Spells              Type           Power        Failure   Level  Hunger
a - Infusion              Chrm           ###.         2%          1    None
b - Song of Slaying       Chrm           ###.....     4%          2    ##.....
c - Regeneration          Chrm/Necr      ##........   19%         3    ###....
d - Shroud of Golubria    Chrm/Tloc      ##....       10%         2    ##.....
e - Spectral Weapon       Hex/Chrm       ##......     19%         3    ###....

Your spell library contained the following spells:

 Spells                   Type           Power        Failure   Level  Hunger


Dungeon Overview and Level Annotations

Branches:
Dungeon (4/15)             Temple (0/1) D:4

Altars:
Kikubaaqudgha


Innate Abilities, Weirdness & Mutations

Your experience applies equally to all skills.
You have very sharp teeth.
Your uncanny sense of smell can sniff out nearby items.


Message History

The gnoll hits you with a +0 club.
* * * LOW HITPOINT WARNING * * *
The ball python closely misses you. The ball python completely misses you.
You climb upwards.
There is a stone staircase leading down here.
Casting: Song of Slaying (safe; 4% risk of failure)
Confirm with . or Enter, or press ? or * to list all spells.
Space distorts slightly along a thin shroud covering your body.
The gnoll misses you.
The ball python bites you but does no damage.
The ball python barely misses you.
Casting: Shroud of Golubria (safe; 10% risk of failure)
Confirm with . or Enter, or press ? or * to list all spells.
You miscast Regeneration.
You are very lightly contaminated with residual magic.
Your bones ache.
The ball python bites you but does no damage.
Your shroud bends the ball python's attack away.
The gnoll hits you with a +0 club.
You die...

##.....## #.###.##.#
#.......## #..##.##.#
.........####...#.##.#
.........'.......#...#
.........####.....####
#.......## ##.#.##
##.....## ###.#
##...## #g# ####'##
#@# ..##.# #S# #.##.#
#.# #.##.## #>#
#.#...######## #.#
...).........# #.#
##....###.##.###.#
#.#..# #........#
##.##.######.#####


You could see a gnoll and a ball python.

Vanquished Creatures
  Jessica (D:3)
  A bullfrog skeleton (D:2)
  5 adders
  4 gnolls
  2 worms
  A dart slug (D:1)
  3 leopard geckos
  An orc (D:3)
  2 giant cockroaches (D:1)
  9 goblins
  5 hobgoblins
  2 jackals (D:2)
  2 quokkas
  2 bats (D:1)
  6 frilled lizards
  6 kobolds
  12 rats
64 creatures vanquished.

Vanquished Creatures (others)
  A human (D:3)
1 creature vanquished.

Grand Total: 65 creatures vanquished

Notes
Turn   | Place    | Note
-------+----------+-------------------------------------------
     0 | D:1      | Kohma the Gnoll Skald began the quest for the Orb.
     0 | D:1      | Reached XP level 1. HP: 20/20 MP: 6/6
    92 | D:1      | Reached XP level 2. HP: 25/26 MP: 7/7
   309 | D:1      | Learned a level 2 spell: Song of Slaying
   322 | D:1      | Reached XP level 3. HP: 23/31 MP: 9/9
   364 | D:1      | Reached skill level 5 in Spellcasting
   893 | D:2      | Learned a level 3 spell: Regeneration
   896 | D:2      | Learned a level 2 spell: Shroud of Golubria
   900 | D:2      | Learned a level 3 spell: Spectral Weapon
   922 | D:2      | Reached skill level 1 in Invocations
  1000 | D:2      | Reached skill level 1 in Short Blades
  1000 | D:2      | Reached skill level 1 in Axes
  1000 | D:2      | Reached skill level 1 in Maces & Flails
  1000 | D:2      | Reached skill level 1 in Polearms
  1000 | D:2      | Reached skill level 1 in Staves
  1000 | D:2      | Reached skill level 1 in Slings
  1000 | D:2      | Reached skill level 1 in Bows
  1000 | D:2      | Reached skill level 1 in Crossbows
  1000 | D:2      | Reached skill level 1 in Throwing
  1000 | D:2      | Reached skill level 1 in Stealth
  1000 | D:2      | Reached skill level 1 in Shields
  1000 | D:2      | Reached skill level 1 in Unarmed Combat
  1000 | D:2      | Reached skill level 1 in Evocations
  1525 | D:2      | Reached XP level 4. HP: 36/38 MP: 11/11
  1612 | D:2      | Reached skill level 1 in Conjurations
  1612 | D:2      | Reached skill level 1 in Hexes
  1612 | D:2      | Reached skill level 1 in Summonings
  1612 | D:2      | Reached skill level 1 in Necromancy
  1612 | D:2      | Reached skill level 1 in Translocations
  1612 | D:2      | Reached skill level 1 in Transmutations
  1612 | D:2      | Reached skill level 1 in Fire Magic
  1612 | D:2      | Reached skill level 1 in Ice Magic
  1612 | D:2      | Reached skill level 1 in Air Magic
  1612 | D:2      | Reached skill level 1 in Earth Magic
  1612 | D:2      | Reached skill level 1 in Poison Magic
  1623 | D:2      | Reached XP level 5. HP: 33/43 MP: 9/12
  2089 | D:3      | Noticed Jessica
  2104 | D:3      | Killed Jessica
  2570 | D:3      | Found an ancient bone altar of Kikubaaqudgha.
  2572 | D:3      | Noticed a human
  2575 | D:3      | Killed a human
  2968 | D:4      | HP: 2/43 [gnoll/+0 halberd (3)]
  2984 | D:3      | Slain by a gnoll

Levels and vault maps discovered:
D:1:      minmay_arrival_split_and_join, layout_loops_ring,
          chequers_serial_rivers_micro_e
D:2:      wad_lake_hut, layout_loops_ring
D:3:      layout_loops_corners, first_ration, grunt_decor_arrowhead,
          tgw_kikubaaqudgha, uniq_jessica
D:4:      layout_basic, minmay_temple_entry_statues_fountains, serial_shops,
          nicolae_shop_window_shopping, kennysheep_slug_shrine

Skill      XL: |  1  2  3  4  5 |
---------------+----------------+-----
Spellcasting   | 5 |  5.2
Invocations    | 1 |  1.8
Short Blades   | 1 |  1.6
Axes           | 1 |  1.6
Maces & Flails | 1 |  1.6
Polearms       | 1 |  1.6
Staves         | 1 |  1.6
Slings         | 1 |  1.6
Bows           | 1 |  1.6
Crossbows      | 1 |  1.6
Throwing       | 1 |  1.6
Stealth        | 1 |  1.6
Shields        | 1 |  1.6
Unarmed Combat | 1 |  1.6
Evocations     | 1 |  1.6
Conjurations   | 1 |  1.3
Hexes          | 1 |  1.3
Summonings     | 1 |  1.3
Necromancy     | 1 |  1.3
Translocations | 1 |  1.3
Transmutations | 1 |  1.3
Fire Magic     | 1 |  1.3
Ice Magic      | 1 |  1.3
Air Magic      | 1 |  1.3
Earth Magic    | 1 |  1.3
Poison Magic   | 1 |  1.3
Armour         | 3 |  3.0
Fighting       | |  4.8
Long Blades    | |  4.8
Dodging        | |  4.8
Charms         | |  5.6

Action                   |  1- 3 |  4- 6 || total
-------------------------+-------+-------++-------
Melee: Falchion          |   104 |    63 ||   167
       Bite              |     9 |    14 ||    23
       Punch             |       |     1 ||     1
 Cast: Infusion          |     1 |       ||     1
       Shroud of Golubri |     1 |     4 ||     5
       Song of Slaying   |       |     2 ||     2
       Regeneration      |       |     2 ||     2
  Use: Potion            |       |     3 ||     3
       Scroll            |       |     1 ||     1
 Stab: Sleeping          |     1 |       ||     1
  Eat: Chunk             |     2 |     5 ||     7
Armor: Leather armour    |    25 |    17 ||    42
Dodge: Dodged            |    79 |    75 ||   154
       Rpst.: Falchion   |    28 |    20 ||    48

Table legend:
 A = Non-vault XP
 B = Vault XP
 C = Vault XP percentage of total XP
 D = Non-vault monster count
 E = Vault monster count
 F = Vault count percentage of total count
                 A         B        C        D         E       F
            +---------+---------+-------+---------+---------+-------
      Total |     256 |      37 |  12.6 |      63 |       1 |   1.6
            +---------+---------+-------+---------+---------+-------
        D:1 |      48 |       0 |   0.0 |      29 |       0 |   0.0
        D:2 |     137 |       0 |   0.0 |      24 |       0 |   0.0
        D:3 |      44 |      37 |  45.7 |       8 |       1 |  11.1
        D:4 |      27 |       0 |   0.0 |       2 |       0 |   0.0
            +---------+---------+-------+---------+---------+-------
